 Dungeon Crawl Stone Soup version 0.19.4-8-ga85b6b9 (webtiles) character file.

88 JeffiDaFish the Stinger (level 4, -1/34 HPs)
             Began as a Draconian Venom Mage on Feb 7, 2017.
             Succumbed to a goblin's poison
             ... on level 2 of the Dungeon.
             The game lasted 00:12:58 (2532 turns).

JeffiDaFish the Stinger (Draconian Venom Mage)      Turns: 2532, Time: 00:12:58

Health: -1/34      AC:  6    Str: 11    XL:     4   Next: 29%
Magic:  0/8        EV: 12    Int: 15    God:
Gold:   111        SH:  0    Dex: 12    Spells: 3 memorised, 0 levels left

rFire  . . .     SeeInvis .     c - +0 mace
rCold  . . .     Gourm    .     (armour unavailable)
rNeg   . . .     Faith    .     (no shield)
rPois  .         Spirit   .     (helmet restricted)
rElec  .         Reflect  .     g - +0 cloak
rCorr  .         Harm     .     (no gloves)
MR     .....                    (no boots)
Stlth  ++........               (no amulet)
                                (no ring)
                                (no ring)

@: lethally poisoned (-1 -> -37), very slightly contaminated
A: unfitting armour, cold-blooded, AC +5
a: no special abilities


You were on level 2 of the Dungeon.
You were hungry.

You visited 1 branch of the dungeon, and saw 2 of its levels.

You collected 111 gold pieces.

Inventory:

Hand Weapons
 c - a +0 mace (weapon)
Armour
 g - a +0 cloak (worn)
Scrolls
 e - 2 scrolls of fog
Books
 a - a Young Poisoner's Handbook

   Spells                             Type                      Level
   a - Sting                          Conjuration/Poison           1
   b - Mephitic Cloud                 Conjuration/Poison/Air       3
   c - Olgreb's Toxic Radiance        Poison                       4
   d - Alistair's Intoxication        Transmutation/Poison         5
   e - Venom Bolt                     Conjuration/Poison           5
Comestibles
 b - 4 bread rations
 d - a chunk of flesh
 f - a meat ration


   Skills:
 + Level 0.9 Fighting
 + Level 0.4 Maces & Flails
 + Level 2.0 Dodging
 + Level 2.0 Stealth
 * Level 2.8 Spellcasting
 + Level 0.6 Conjurations
 * Level 4.7 Poison Magic


You couldn't memorise any spells.
You knew the following spells:

 Your Spells              Type           Power        Failure   Level  Hunger
a - Sting                 Conj/Pois      ##..         10%         1    #......
b - Mephitic Cloud        Conj/Pois/Air  #.......     34%         3    ###....
c - Olgreb's Toxic Radia  Pois           ###.....     34%         4    #####..


Dungeon Overview and Level Annotations

Branches:
Dungeon (2/15)

Altars:


Innate Abilities, Weirdness & Mutations

Your plain brown scales are hard. (AC +5)
You cannot fit into any form of body armour.
You are cold-blooded and may be slowed by cold attacks.


Message History

You aren't carrying any potions.
Casting: Mephitic Cloud
Confirm with . or Enter, or press ? or * to list all spells.
Aiming: Mephitic Cloud
Press: ? - help, Shift-Dir - straight line, f - goblin
Aim: a goblin, wielding a club That beam is likely to hit you.
Continue anyway?
You miscast Mephitic Cloud.
You are very lightly contaminated with residual magic.
Nothing appears to happen.
The goblin shouts!
* * * LOW HITPOINT WARNING * * *
You feel very sick. The goblin barely misses you. x2
Casting: Mephitic Cloud
Confirm with . or Enter, or press ? or * to list all spells.
You don't have enough magic to cast that spell.
You sock the goblin!
You kill the goblin!
You die...

# #.......#..#
####........?.##.#.# .#
#.............##.#.###.#
..##.##................#
..................##...#
..................#....#
.###..###.......g....#
.###.## ##.....g).).##.#
.#...# #.....g@.......
...### ###...#g#.#..#.
..## ##......# .. ..#
.'..#.####.# ..##
#g##..#.# #.# ...###
###...#.# #.# .....#
#...#.#.####.## .....##
##.............#
.#....###...##.#.####..#


You could see 5 goblins.

Vanquished Creatures
  2 adders (D:2)
  4 dart slugs
  5 leopard geckos
  5 giant cockroaches
  4 goblins (D:2)
  8 hobgoblins
  4 jackals (D:1)
  A quokka (D:2)
  2 ball pythons (D:2)
  5 bats
  2 frilled lizards (D:1)
  4 kobolds (D:2)
  4 rats
50 creatures vanquished.

Notes
Turn   | Place    | Note
-------+----------+-------------------------------------------
     0 | D:1      | JeffiDaFish the Draconian Venom Mage began the quest for the Orb.
     0 | D:1      | Reached XP level 1. HP: 14/14 MP: 3/3
   386 | D:1      | Reached XP level 2. HP: 2/20 MP: 3/5
  1247 | D:1      | Reached XP level 3. HP: 26/26 MP: 3/6
  2124 | D:2      | Reached XP level 4. HP: 31/34 MP: 3/8
  2237 | D:2      | Learned a level 3 spell: Mephitic Cloud
  2336 | D:2      | Learned a level 4 spell: Olgreb's Toxic Radiance
  2532 | D:2      | Succumbed to a goblin's poison

Skill      XL: |  1  2  3 |
---------------+----------+-----
Dodging        | 2 |  2.0
Stealth        | 2 |  2.0
Fighting       | |  0.9
Maces & Flails | |  0.4
Spellcasting   | |  2.8
Conjurations   | |  0.6
Poison Magic   | |  4.7

Action                   |  1- 3 |  4- 6 || total
-------------------------+-------+-------++-------
Melee: Unarmed           |    39 |       ||    39
       Tailslap          |    10 |       ||    10
       Mace              |    53 |    10 ||    63
 Cast: Sting             |    61 |     8 ||    69
       Mephitic Cloud    |       |     1 ||     1
  Use: Potion            |     4 |       ||     4
       Scroll            |     8 |     1 ||     9
 Stab: Invisible         |     2 |       ||     2
  Eat: Chunk             |     4 |     2 ||     6
Armor: Skin              |    31 |     4 ||    35
Dodge: Dodged            |    78 |    18 ||    96
